[Event "EYCC Open-U10 2019"]
[Site "Bratislava"]
[Date "2019.08.09"]
[Round "8.41"]
[White "Ahmadzada, Huseyn"]
[Black "Rabinovich, Yoav"]
[Result "1-0"]
[ECO "A06"]
[WhiteElo "1497"]
[BlackElo "1193"]
[Annotator "NA"]
[PlyCount "99"]
[EventDate "2019.08.02"]
[EventType "swiss"]
[EventCountry "SVK"]
[SourceTitle "playchess.com"]
[Source "ChessBase"]
[SourceQuality "1"]
[TimeControl "40/5400+30:1800+30"]

1. Nf3 d5 2. g3 Nf6 3. Bg2 Bf5 4. d4 e6 5. O-O Bd6 6. c4 c6 7. b3 Nbd7 8. Bb2 O-O 9. Nbd2 Re8 10. Re1 e5 11. cxd5 cxd5 12. dxe5 Nxe5 13. Nd4 Qd7 14. Nxf5 Qxf5 15. e4 Qd7 16. Bxe5 Bxe5 17. Rc1 Rad8 18. exd5 Nxd5 19. Nc4 f6 20. f4 b5 21. Na5 Qd6 22. Qxd5+ Qxd5 23. Bxd5+ Rxd5 24. fxe5 Rdxe5 25. Rxe5 Rxe5 26. Rc8+ Kf7 27. Rc7+ Kg6 28. Rxa7 Re1+ 29. Kf2 Rh1 30. Kg2 Ra1 31. Nc6 Rc1 32. Nd4 Rd1 33. Nxb5 Rd2+ 34. Kh3 Kh6 35. Nc3 f5 36. Ra5 Rc2 37. Nd1 g6 38. Ne3 Re2 39. Nc4 Rf2 40. Nd6 Kg7 41. a4 h5 42. Nxf5+ gxf5 43. Rb5 Kg6 44. a5 Kg5 45. Rb4 Ra2 46. Ra4 Rb2 47. a6 Rd2 48. a7 Rd8 49. a8=Q Rxa8 50. Rxa8 1-0

[Event "EYCC Open-U10 2019"]
[Site "Bratislava"]
[Date "2019.08.09"]
[Round "8.42"]
[White "Artissi, Albert"]
[Black "Arora, Abhiraaj"]
[Result "1-0"]
[ECO "D31"]
[WhiteElo "1250"]
[BlackElo "1463"]
[Annotator "NA"]
[PlyCount "119"]
[EventDate "2019.08.02"]
[EventType "swiss"]
[EventCountry "SVK"]
[SourceTitle "playchess.com"]
[Source "ChessBase"]
[SourceQuality "1"]
[TimeControl "40/5400+30:1800+30"]

1. d4 d5 2. c4 e6 3. Nc3 Bb4 4. a3 Bxc3+ 5. bxc3 Nf6 6. Bg5 Nbd7 7. cxd5 exd5 8. Nf3 Nb6 9. e3 Qd6 10. Bf4 Qc6 11. Qb3 a6 12. Ne5 Qa4 13. Qxa4+ Nxa4 14. c4 Nh5 15. cxd5 Nxf4 16. exf4 Nb6 17. Rc1 Nxd5 18. Bc4 c6 19. O-O O-O 20. Bxd5 cxd5 21. Rc5 Rd8 22. Re1 Be6 23. Rc7 b5 24. f5 Bxf5 25. Nxf7 Re8 26. Ne5 a5 27. Rc5 b4 28. axb4 axb4 29. Rb5 Rab8 30. Rxb8 Rxb8 31. Nc6 Ra8 32. Nxb4 Be4 33. f3 Ra4 34. Nc6 Bc2 35. Rc1 Bb3 36. Rc3 Bc4 37. Ne5 Kf8 38. Nxc4 Rxc4 39. Rxc4 dxc4 40. Kf2 Ke7 41. Ke3 Kd6 42. Kd2 Kc6 43. Kc3 Kd5 44. g3 h6 45. h4 h5 46. g4 g6 47. g5 Kd6 48. Kxc4 Kc6 49. d5+ Kd6 50. Kd4 Kd7 51. Ke5 Ke7 52. d6+ Kd7 53. Kd5 Kd8 54. Ke6 Ke8 55. d7+ Kd8 56. f4 Kc7 57. Ke7 Kc6 58. d8=Q Kc5 59. Qd3 Kc6 60. Qd4 1-0

[Event "EYCC Open-U10 2019"]
[Site "Bratislava"]
[Date "2019.08.09"]
[Round "8.43"]
[White "Haubold, Christian Lucas"]
[Black "Morozov, Saveliy"]
[Result "1/2-1/2"]
[ECO "B34"]
[WhiteElo "1429"]
[BlackElo "1278"]
[Annotator "NA"]
[PlyCount "71"]
[EventDate "2019.08.02"]
[EventType "swiss"]
[EventCountry "SVK"]
[SourceTitle "playchess.com"]
[Source "ChessBase"]
[SourceQuality "1"]
[TimeControl "40/5400+30:1800+30"]

1. e4 c5 2. Nf3 Nc6 3. d4 cxd4 4. Nxd4 g6 5. Nxc6 bxc6 6. Qd4 Nf6 7. e5 Nd5 8. Nc3 Qb6 9. Qxb6 Nxb6 10. Bd3 Bg7 11. Bf4 Bb7 12. O-O O-O 13. Rfe1 Rad8 14. Rab1 Rfe8 15. a3 Nd5 16. Nxd5 cxd5 17. c3 e6 18. Bg5 Rc8 19. f4 Bf8 20. Bh4 d6 21. Bf2 a6 22. Bd4 dxe5 23. fxe5 Bc5 24. Rec1 Kg7 25. Rf1 Rf8 26. Bxc5 Rxc5 27. Rf6 a5 28. Kf2 Bc6 29. Ke3 Bb5 30. Bxb5 Rxb5 31. g4 Rc8 32. Kd3 Rc4 33. Rbf1 Rxb2 34. Rxf7+ Kh6 35. Re7 Rxg4 36. Rxe6 1/2-1/2

[Event "EYCC Open-U10 2019"]
[Site "Bratislava"]
[Date "2019.08.09"]
[Round "8.44"]
[White "Bukvaj, Martin"]
[Black "Farias, David Nuno M E"]
[Result "0-1"]
[ECO "C47"]
[WhiteElo "1220"]
[BlackElo "1372"]
[Annotator "NA"]
[PlyCount "58"]
[EventDate "2019.08.02"]
[EventType "swiss"]
[EventCountry "SVK"]
[SourceTitle "playchess.com"]
[Source "ChessBase"]
[SourceQuality "1"]
[TimeControl "40/5400+30:1800+30"]

1. e4 e5 2. Nf3 Nc6 3. Nc3 Nf6 4. d4 exd4 5. Nxd4 Bb4 6. Nxc6 bxc6 7. Bd3 d5 8. exd5 cxd5 9. O-O O-O 10. Bg5 c6 11. h3 h6 12. Bh4 Be6 13. a3 Be7 14. Re1 Rb8 15. Rb1 Nd7 16. Bg3 Ra8 17. Ne2 Nc5 18. Nd4 Qd7 19. Qe2 Bf6 20. Nxe6 Nxe6 21. c3 Nc5 22. Qf3 Nxd3 23. Qxd3 Rfe8 24. Rxe8+ Rxe8 25. Rd1 Qb7 26. Qc2 Qb5 27. Rd2 Re1+ 28. Kh2 Qf1 29. Bd6 Bh4 0-1

[Event "EYCC Open-U10 2019"]
[Site "Bratislava"]
[Date "2019.08.09"]
[Round "8.45"]
[White "Kote, Aleks"]
[Black "Pehar, Borna"]
[Result "1-0"]
[ECO "B33"]
[WhiteElo "1257"]
[BlackElo "1677"]
[Annotator "NA"]
[PlyCount "39"]
[EventDate "2019.08.02"]
[EventType "swiss"]
[EventCountry "SVK"]
[SourceTitle "playchess.com"]
[Source "ChessBase"]
[SourceQuality "1"]
[TimeControl "40/5400+30:1800+30"]

1. e4 c5 2. Nf3 Nc6 3. d4 cxd4 4. Nxd4 Nf6 5. Nc3 e5 6. Ndb5 d6 7. Bg5 a6 8. Na3 b5 9. Nd5 Be7 10. Bxf6 Bxf6 11. c3 Bg5 12. Nc2 O-O 13. a4 bxa4 14. Rxa4 f5 15. exf5 Rxf5 16. Bc4 Kh8 17. O-O Bf4 18. Bd3 Bxh2+ 19. Kxh2 Qh4+ 20. Rxh4 1-0

[Event "EYCC Open-U10 2019"]
[Site "Bratislava"]
[Date "2019.08.09"]
[Round "8.46"]
[White "Khoo-Thwe, Louis"]
[Black "Stary, Vojtech"]
[Result "1-0"]
[ECO "C54"]
[WhiteElo "1746"]
[BlackElo "1334"]
[Annotator "NA"]
[PlyCount "71"]
[EventDate "2019.08.02"]
[EventType "swiss"]
[EventCountry "SVK"]
[SourceTitle "playchess.com"]
[Source "ChessBase"]
[SourceQuality "1"]
[TimeControl "40/5400+30:1800+30"]

1. e4 e5 2. Nf3 Nc6 3. Bc4 Bc5 4. c3 Nf6 5. d3 d6 6. O-O O-O 7. h3 h6 8. Nbd2 Be6 9. Bxe6 fxe6 10. b4 Bb6 11. Nc4 Qd7 12. a4 a6 13. Nxb6 cxb6 14. Re1 Kh8 15. Be3 Qc7 16. b5 axb5 17. axb5 Na5 18. Bd2 Nd7 19. Nh4 Kh7 20. Qg4 Rf6 21. Qh5 Nc5 22. Bg5 Rff8 23. Qg6+ Kh8 24. Bxh6 gxh6 25. Qxh6+ Kg8 26. Re3 Rf7 27. Rg3+ Rg7 28. Ng6 d5 29. Rf3 Rxg6 30. Qxg6+ Qg7 31. Qh5 dxe4 32. Rg3 Qxg3 33. fxg3 exd3 34. Rf1 e4 35. Qg6+ Kh8 36. Rf7 1-0

[Event "EYCC Open-U10 2019"]
[Site "Bratislava"]
[Date "2019.08.09"]
[Round "8.47"]
[White "Gorej, Vojtech"]
[Black "Foldes, Marton Gabor"]
[Result "0-1"]
[ECO "B47"]
[WhiteElo "1256"]
[BlackElo "1803"]
[Annotator "NA"]
[PlyCount "128"]
[EventDate "2019.08.02"]
[EventType "swiss"]
[EventCountry "SVK"]
[SourceTitle "playchess.com"]
[Source "ChessBase"]
[SourceQuality "1"]
[TimeControl "40/5400+30:1800+30"]

1. e4 c5 2. Nf3 e6 3. d4 cxd4 4. Nxd4 Nc6 5. Nc3 Qc7 6. Ndb5 Qb8 7. g3 a6 8. Nd4 Nf6 9. Bg5 Nxe4 10. Nxc6 Nxc3 11. Nxb8 Nxd1 12. Nxd7 Bxd7 13. Rxd1 Bc6 14. Rg1 h6 15. Be3 Be7 16. Bg2 Rc8 17. c3 Bf6 18. Bxc6+ Rxc6 19. Ke2 Ke7 20. Rd3 Rhc8 21. Rgd1 R8c7 22. Rd8 e5 23. f3 Ke6 24. R8d5 b5 25. f4 Rb7 26. a3 a5 27. fxe5 Bxe5 28. Rc5 Rxc5 29. Bxc5 h5 30. Bd4 g5 31. Bxe5 Kxe5 32. Ke3 Rc7 33. Rd8 Kf6 34. Rd5 Rb7 35. h4 gxh4 36. gxh4 Kg6 37. Rg5+ Kh6 38. Kd4 f6 39. Rd5 Kg6 40. Kc5 b4 41. axb4 axb4 42. cxb4 f5 43. b5 f4 44. b6 f3 45. Kc6 Rb8 46. Kc7 f2 47. Rd1 Re8 48. Rf1 Re2 49. b7 Rc2+ 50. Kb8 Rxb2 51. Ka8 Ra2+ 52. Kb8 Kf5 53. Rc1 Rc2 54. Rb1 Rb2 55. Rd1 Kg4 56. Kc7 Kxh4 57. Rd2 Rxb7+ 58. Kxb7 f1=Q 59. Rd4+ Kg5 60. Rd5+ Kf6 61. Rd8 Qb5+ 62. Kc8 Qc6+ 63. Kb8 Qb6+ 64. Kc8 Qxd8+ 0-1

[Event "EYCC Open-U10 2019"]
[Site "Bratislava"]
[Date "2019.08.09"]
[Round "8.48"]
[White "Torosyan, Bagrat"]
[Black "Sarafis, Rafail"]
[Result "1-0"]
[ECO "A45"]
[WhiteElo "1586"]
[BlackElo "1094"]
[Annotator "NA"]
[PlyCount "91"]
[EventDate "2019.08.02"]
[EventType "swiss"]
[EventCountry "SVK"]
[SourceTitle "playchess.com"]
[Source "ChessBase"]
[SourceQuality "1"]
[TimeControl "40/5400+30:1800+30"]

1. d4 Nf6 2. Bf4 e6 3. e3 c5 4. c3 Nc6 5. Nf3 d5 6. Nbd2 cxd4 7. exd4 Nh5 8. Bg3 Nxg3 9. hxg3 Bd6 10. Bd3 h6 11. Qe2 Bd7 12. g4 Qe7 13. g5 h5 14. g6 f6 15. O-O-O O-O-O 16. Bb5 Kb8 17. Rde1 Rh6 18. Nh4 Rc8 19. Kb1 e5 20. Bxc6 Rxc6 21. Nf1 Qe8 22. f4 e4 23. f5 Rb6 24. Ne3 Qg8 25. g4 Ba3 26. b3 Bb5 27. Qd2 Bd3+ 28. Ka1 a5 29. Nhg2 h4 30. Nf4 Ba6 31. Nfxd5 Rd6 32. c4 Qd8 33. Qc2 b5 34. Qxe4 bxc4 35. bxc4 Bb7 36. Rb1 Bb4 37. Rb3 Rh8 38. a3 Re8 39. Qd3 Bxa3 40. Rxa3 Bxd5 41. Nxd5 Ka7 42. Qd2 Re4 43. Rxa5+ Kb7 44. Rb1+ Kc6 45. Qb4 Rxd4 46. Qb7# 1-0

[Event "EYCC Open-U10 2019"]
[Site "Bratislava"]
[Date "2019.08.10"]
[Round "9.1"]
[White "Vetokhin, Savva"]
[Black "Azadaliyev, Jahandar"]
[Result "1/2-1/2"]
[ECO "B33"]
[WhiteElo "1954"]
[BlackElo "1905"]
[Annotator "NA"]
[PlyCount "70"]
[EventDate "2019.08.02"]
[EventType "swiss"]
[EventCountry "SVK"]
[SourceTitle "playchess.com"]
[Source "ChessBase"]
[SourceQuality "1"]
[TimeControl "40/5400+30:1800+30"]

1. e4 c5 2. Nf3 Nc6 3. d4 cxd4 4. Nxd4 Nf6 5. Nc3 e5 6. Ndb5 d6 7. Bg5 a6 8. Na3 b5 9. Nd5 Be7 10. Bxf6 Bxf6 11. c3 Bg5 12. Nc2 O-O 13. a4 bxa4 14. Rxa4 a5 15. Bc4 Rb8 16. b3 Kh8 17. O-O f5 18. exf5 Bxf5 19. b4 axb4 20. Ncxb4 Nxb4 21. cxb4 Bd7 22. Ra6 Qc8 23. Rxd6 Qxc4 24. Rxd7 Rfd8 25. Ne3 Qxb4 26. Rxd8+ Rxd8 27. Qf3 Rf8 28. Qg4 Qf4 29. g3 Qf6 30. Nd5 Qd6 31. Qxg5 Qxd5 32. Re1 Re8 33. Qf5 h6 34. Qe4 Qxe4 35. Rxe4 g5 1/2-1/2

[Event "EYCC Open-U10 2019"]
[Site "Bratislava"]
[Date "2019.08.10"]
[Round "9.2"]
[White "Finek, Vaclav"]
[Black "Golovchenko, Bogdan"]
[Result "1-0"]
[ECO "B22"]
[WhiteElo "2043"]
[BlackElo "1723"]
[Annotator "NA"]
[PlyCount "105"]
[EventDate "2019.08.02"]
[EventType "swiss"]
[EventCountry "SVK"]
[SourceTitle "playchess.com"]
[Source "ChessBase"]
[SourceQuality "1"]
[TimeControl "40/5400+30:1800+30"]

1. e4 c5 2. c3 Nf6 3. e5 Nd5 4. d4 cxd4 5. cxd4 d6 6. Nf3 Nc6 7. Bc4 Nb6 8. Bb5 dxe5 9. Nxe5 Bd7 10. Nxd7 Qxd7 11. O-O Rd8 12. Be3 g6 13. Nc3 Bg7 14. Qf3 O-O 15. Rfd1 Nd5 16. Bg5 Nxc3 17. bxc3 h6 18. Bxc6 bxc6 19. Bf4 g5 20. Be3 f5 21. h3 f4 22. Bc1 Qd5 23. Qxd5+ cxd5 24. Ba3 Kf7 25. Bc5 a6 26. Rab1 Rb8 27. a4 Rfc8 28. a5 e5 29. Rb6 Ra8 30. Rb7+ Kg6 31. Rdb1 e4 32. R1b6+ Kh7 33. Kf1 h5 34. Rd7 e3 35. fxe3 fxe3 36. Ke2 Re8 37. Rbb7 Rg8 38. Kxe3 Rae8+ 39. Kd2 Re4 40. Kd3 g4 41. Rxd5 Rge8 42. Rg5 Re3+ 43. Kc4 Rg8 44. Rxh5+ Kg6 45. hxg4 Rg3 46. Rb6+ Kf7 47. Rf5+ Ke8 48. Rb8+ Kd7 49. Rxg8 Rxg4 50. Kd5 Rg5 51. Rxg5 Bf6 52. Rh5 Be7 53. Rh7 1-0

[Event "EYCC Open-U10 2019"]
[Site "Bratislava"]
[Date "2019.08.10"]
[Round "9.3"]
[White "Zverev, Lev"]
[Black "Giang, Tran Nam"]
[Result "1/2-1/2"]
[ECO "B40"]
[WhiteElo "1849"]
[BlackElo "1931"]
[Annotator "NA"]
[PlyCount "74"]
[EventDate "2019.08.02"]
[EventType "swiss"]
[EventCountry "SVK"]
[SourceTitle "playchess.com"]
[Source "ChessBase"]
[SourceQuality "1"]
[TimeControl "40/5400+30:1800+30"]

1. e4 c5 2. Nf3 e6 3. d4 cxd4 4. Nxd4 Qb6 5. Nb3 Nc6 6. Be3 Qc7 7. Bd3 Nf6 8. O-O Be7 9. Nc3 a6 10. f4 d6 11. Qe2 b5 12. Rae1 O-O 13. Bd2 Bb7 14. e5 Nd7 15. exd6 Bxd6 16. Ne4 Be7 17. Kh1 Nf6 18. Nxf6+ Bxf6 19. c3 Rad8 20. Nc5 Ba8 21. Ne4 Bh4 22. Rd1 Na5 23. Be1 Bxe1 24. Rdxe1 Nc4 25. b3 Nd6 26. Nf6+ gxf6 27. Bxh7+ Kxh7 28. Qh5+ Kg7 29. Qg4+ Kh7 30. Qh4+ Kg7 31. Qg4+ Kh7 32. Re3 Nf5 33. Rh3+ Nh6 34. Re3 Nf5 35. Rh3+ Nh6 36. Qh5 Bxg2+ 37. Kg1 Ba8 1/2-1/2

[Event "EYCC Open-U10 2019"]
[Site "Bratislava"]
[Date "2019.08.10"]
[Round "9.4"]
[White "Usov, Aleksandr E."]
[Black "Materia, Marco"]
[Result "0-1"]
[ECO "C55"]
[WhiteElo "1809"]
[BlackElo "2243"]
[Annotator "NA"]
[PlyCount "70"]
[EventDate "2019.08.02"]
[EventType "swiss"]
[EventCountry "SVK"]
[SourceTitle "playchess.com"]
[Source "ChessBase"]
[SourceQuality "1"]
[TimeControl "40/5400+30:1800+30"]

1. e4 e5 2. Nf3 Nc6 3. d4 exd4 4. Bc4 Nf6 5. e5 d5 6. Bb5 Ne4 7. Nxd4 Bc5 8. Be3 O-O 9. Nxc6 bxc6 10. Bxc5 Nxc5 11. Bxc6 Rb8 12. Qxd5 Qe7 13. O-O Rxb2 14. Na3 Be6 15. Qd4 Rfb8 16. f4 g6 17. Rab1 Rxb1 18. Nxb1 Bxa2 19. Nc3 Be6 20. Ra1 Rb6 21. Bf3 a6 22. Ra5 Nb7 23. Bxb7 Rxb7 24. Rxa6 Rb2 25. g3 Qf8 26. Ne4 Rxc2 27. Nf6+ Kh8 28. Ra5 Qb8 29. Ra1 Kg7 30. Ne4 Qb3 31. Nd2 Qb7 32. Rd1 Bh3 33. Qe4 Qb6+ 34. Kh1 Qf2 35. Qd5 Qe2 0-1

[Event "EYCC Open-U10 2019"]
[Site "Bratislava"]
[Date "2019.08.10"]
[Round "9.5"]
[White "Navoyan, Gagik"]
[Black "Kononenko, Vladimir"]
[Result "1-0"]
[ECO "A40"]
[WhiteElo "1670"]
[BlackElo "1667"]
[Annotator "NA"]
[PlyCount "119"]
[EventDate "2019.08.02"]
[EventType "swiss"]
[EventCountry "SVK"]
[SourceTitle "playchess.com"]
[Source "ChessBase"]
[SourceQuality "1"]
[TimeControl "40/5400+30:1800+30"]

1. d4 e6 2. Nf3 Nf6 3. g3 d5 4. Bg2 c5 5. c4 dxc4 6. O-O Nc6 7. dxc5 Qxd1 8. Rxd1 Bxc5 9. Nbd2 c3 10. bxc3 Bd7 11. Nb3 Bb6 12. Bb2 O-O-O 13. Nfd4 a6 14. c4 Nxd4 15. Bxd4 Bxd4 16. Rxd4 e5 17. Rdd1 e4 18. Rd4 Bc6 19. e3 Rhe8 20. Rad1 Nd7 21. Bh3 Kc7 22. Bxd7 Bxd7 23. Rc1 Bc6 24. Kf1 Rd7 25. Ke2 Red8 26. Rcd1 b6 27. Kd2 b5 28. c5 a5 29. Kc3 a4 30. Rxd7+ Bxd7 31. Nd4 b4+ 32. Kxb4 Rb8+ 33. Ka3 g6 34. Rc1 Bc6 35. Nxc6 Kxc6 36. Rc2 f5 37. Kxa4 Rb7 38. a3 Rb1 39. h4 Rb7 40. Ka5 Rb5+ 41. Ka4 Rb7 42. Rd2 Kxc5 43. Rc2+ Kd5 44. Ka5 h6 45. a4 g5 46. h5 Rb1 47. Ka6 Rb8 48. a5 f4 49. gxf4 gxf4 50. exf4 Kd4 51. Ka7 Rb5 52. a6 Kd3 53. Ra2 Kd4 54. Ka8 Kd5 55. Rc2 Rb6 56. a7 Ke6 57. Rc7 Rb2 58. Rb7 Rxf2 59. Kb8 Rxf4 60. Rc7 1-0

[Event "EYCC Open-U10 2019"]
[Site "Bratislava"]
[Date "2019.08.10"]
[Round "9.6"]
[White "Royal, Shreyas"]
[Black "Warchol, Kamil"]
[Result "1/2-1/2"]
[ECO "D27"]
[WhiteElo "1996"]
[BlackElo "1573"]
[Annotator "NA"]
[PlyCount "103"]
[EventDate "2019.08.02"]
[EventType "swiss"]
[EventCountry "SVK"]
[SourceTitle "playchess.com"]
[Source "ChessBase"]
[SourceQuality "1"]
[TimeControl "40/5400+30:1800+30"]

1. d4 d5 2. c4 dxc4 3. Nf3 Nf6 4. e3 e6 5. Bxc4 c5 6. O-O a6 7. a4 Nc6 8. Qe2 cxd4 9. Rd1 Be7 10. exd4 O-O 11. Nc3 Nb4 12. Ne5 Bd7 13. Bg5 Bc6 14. Nxc6 bxc6 15. a5 Qc7 16. Na4 Qxa5 17. Nc5 Qc7 18. Nxa6 Nxa6 19. Bxa6 Nd5 20. Bxe7 Qxe7 21. Rac1 Qa7 22. Bd3 Nf4 23. Qe4 Nxd3 24. Qxd3 Rfd8 25. Qc3 Qb6 26. Qxc6 Qxc6 27. Rxc6 Rxd4 28. Rdc1 Kf8 29. Kf1 Rb4 30. Rc8+ Rxc8 31. Rxc8+ Ke7 32. Rc2 Kd6 33. Ke2 Rb3 34. Rd2+ Kc6 35. Kd1 Rb4 36. Kc2 Rh4 37. h3 g5 38. Kc3 Kc5 39. Rd7 Rf4 40. f3 h5 41. Rc7+ Kd5 42. Rd7+ Kc5 43. Rc7+ Kd5 44. b4 g4 45. Rc5+ Kd6 46. Rxh5 gxf3 47. gxf3 Rxf3+ 48. Kc4 e5 49. Rh6+ f6 50. h4 Rf4+ 51. Kc3 e4 52. Kd4 {[%emt 0:00:04] Ke5+ Kxe4+} 1/2-1/2

[Event "EYCC Open-U10 2019"]
[Site "Bratislava"]
[Date "2019.08.10"]
[Round "9.7"]
[White "Toktomushev, Teimur"]
[Black "Gusev, Mikhail"]
[Result "1-0"]
[ECO "A46"]
[WhiteElo "1977"]
[BlackElo "1575"]
[Annotator "NA"]
[PlyCount "73"]
[EventDate "2019.08.02"]
[EventType "swiss"]
[EventCountry "SVK"]
[SourceTitle "playchess.com"]
[Source "ChessBase"]
[SourceQuality "1"]
[TimeControl "40/5400+30:1800+30"]

1. d4 Nf6 2. Nf3 c5 3. c3 d5 4. Bf4 Nc6 5. e3 Qb6 6. Qc1 cxd4 7. exd4 Bf5 8. Nh4 Bg6 9. Nxg6 hxg6 10. Nd2 Rc8 11. Nf3 Nh5 12. Bg5 e6 13. Be2 Bd6 14. Qd2 Nf6 15. Bxf6 gxf6 16. g3 Kd7 17. Kf1 Na5 18. Kg2 Nc4 19. Bxc4 Rxc4 20. h4 Rcc8 21. Rhc1 Qa5 22. Qd3 Qb6 23. b3 Ba3 24. Rc2 a5 25. c4 Qc6 26. Re1 a4 27. Rb1 Bf8 28. c5 b6 29. Rbc1 axb3 30. axb3 Bh6 31. Ra1 Ra8 32. Rca2 Rxa2 33. Rxa2 Rc8 34. Ra6 Rb8 35. b4 Qc7 36. Qb5+ Qc6 37. Ra7+ 1-0

[Event "EYCC Open-U10 2019"]
[Site "Bratislava"]
[Date "2019.08.10"]
[Round "9.8"]
[White "Samunenkov, Ihor"]
[Black "Agasarov, Benik"]
[Result "1-0"]
[ECO "A45"]
[WhiteElo "1985"]
[BlackElo "1697"]
[Annotator "NA"]
[PlyCount "71"]
[EventDate "2019.08.02"]
[EventType "swiss"]
[EventCountry "SVK"]
[SourceTitle "playchess.com"]
[Source "ChessBase"]
[SourceQuality "1"]
[TimeControl "40/5400+30:1800+30"]

1. d4 Nf6 2. g3 e6 3. Bg2 c5 4. Nf3 Nc6 5. O-O d5 6. c4 dxc4 7. Qa4 Bd7 8. Qxc4 b5 9. Qd3 c4 10. Qd1 Be7 11. Ne5 Rc8 12. e4 O-O 13. Be3 a6 14. Qe2 Nxe5 15. dxe5 Ne8 16. Rc1 Qc7 17. f4 Bc5 18. Nd2 Qb6 19. Bf2 Bd4 20. Rc2 f6 21. Nf3 Bxf2+ 22. Qxf2 Qxf2+ 23. Kxf2 Bc6 24. Ke3 Nc7 25. b3 Bxe4 26. Kxe4 f5+ 27. Ke3 Nd5+ 28. Kf2 Nb4 29. Rc3 Nd5 30. Rcc1 Nb4 31. bxc4 Nd3+ 32. Ke3 Nxc1 33. Rxc1 bxc4 34. Nd4 Rfd8 35. Rc3 Rd7 36. Bf1 1-0

[Event "EYCC Open-U10 2019"]
[Site "Bratislava"]
[Date "2019.08.10"]
[Round "9.9"]
[White "Simbelov, Roman T."]
[Black "Zienkiewicz, Jan"]
[Result "1-0"]
[ECO "B32"]
[WhiteElo "1560"]
[BlackElo "1804"]
[Annotator "NA"]
[PlyCount "91"]
[EventDate "2019.08.02"]
[EventType "swiss"]
[EventCountry "SVK"]
[SourceTitle "playchess.com"]
[Source "ChessBase"]
[SourceQuality "1"]
[TimeControl "40/5400+30:1800+30"]

1. e4 c5 2. Nf3 Nc6 3. d4 cxd4 4. Nxd4 e5 5. Nb5 d6 6. N1c3 a6 7. Na3 b5 8. Nd5 Nge7 9. c4 Nxd5 10. exd5 Nd4 11. cxb5 Be7 12. Be3 Nf5 13. Nc4 axb5 14. Bb6 Qd7 15. Na3 Ba6 16. Rc1 Rc8 17. Bxb5 Bxb5 18. Nxb5 O-O 19. a4 Bg5 20. Rc3 Ne7 21. O-O f5 22. Bc7 Rf6 23. Qb3 Ng6 24. Rc6 f4 25. Rxd6 Rxd6 26. Bxd6 Nh4 27. Bxe5 Qg4 28. d6+ Kh8 29. Qd5 f3 30. Bg3 Nxg2 31. Nd4 Nh4 32. Qe6 h5 33. Qxg4 hxg4 34. Ne6 Bf6 35. d7 Ra8 36. Rd1 Rxa4 37. Be5 Be7 38. Bxg7+ Kg8 39. Bf8 Bf6 40. Bh6 Nf5 41. Bg5 Bxg5 42. Nxg5 Kg7 43. d8=Q Kg6 44. Qe8+ Kxg5 45. Qxa4 Kh4 46. Qf4 1-0

[Event "EYCC Open-U10 2019"]
[Site "Bratislava"]
[Date "2019.08.10"]
[Round "9.10"]
[White "Villa Tornero, Alex"]
[Black "Ljepic, Andrej"]
[Result "0-1"]
[ECO "B23"]
[WhiteElo "1641"]
[BlackElo "1824"]
[Annotator "NA"]
[PlyCount "148"]
[EventDate "2019.08.02"]
[EventType "swiss"]
[EventCountry "SVK"]
[SourceTitle "playchess.com"]
[Source "ChessBase"]
[SourceQuality "1"]
[TimeControl "40/5400+30:1800+30"]

1. e4 c5 2. Nc3 Nc6 3. Nge2 g6 4. g3 Bg7 5. Bg2 e6 6. O-O Nge7 7. f4 d6 8. a3 Nd4 9. Kh1 Nec6 10. Nxd4 Nxd4 11. Ne2 Nxe2 12. Qxe2 O-O 13. Rb1 Qc7 14. c4 Bd7 15. b3 Rab8 16. d3 b5 17. Qc2 a5 18. Be3 a4 19. cxb5 axb3 20. Rxb3 Bxb5 21. Rbb1 Qa5 22. Qb3 Qa4 23. e5 dxe5 24. Bxc5 Rfd8 25. Be7 Qxb3 26. Rxb3 Rxd3 27. Rfb1 Rxb3 28. Rxb3 Re8 29. Bc5 Bc4 30. Re3 exf4 31. gxf4 Rc8 32. Bb4 Bd4 33. Re1 Ba6 34. Rd1 Be3 35. Be7 Bxf4 36. Bf6 Rc1 37. Rxc1 Bxc1 38. a4 Bd2 39. Bc6 Ba5 40. Kg2 Kf8 41. Kf3 Bb4 42. Ke4 Be7 43. Ke5 h6 44. h4 g5 45. hxg5 hxg5 46. Bf3 Bc4 47. a5 Ba6 48. Bg4 Ke8 49. Bh5 Bb4 50. Bxg5 Bxa5 51. Kd6 Bb4+ 52. Ke5 Bd3 53. Kd4 Bg6 54. Bxg6 fxg6 55. Ke5 Kf7 56. Kd4 Be7 57. Bf4 Bf6+ 58. Ke4 g5 59. Bd6 Kg6 60. Kf3 Kf5 61. Ba3 g4+ 62. Kg3 Be5+ 63. Kf2 Bf4 64. Bb2 e5 65. Ke2 g3 66. Kf3 e4+ 67. Ke2 Kg4 68. Bd4 Kh3 69. Bf2 gxf2 70. Kxf2 Kh2 71. Kf1 e3 72. Ke2 Kg2 73. Ke1 Kf3 74. Kf1 Bg3 0-1

[Event "EYCC Open-U10 2019"]
[Site "Bratislava"]
[Date "2019.08.10"]
[Round "9.11"]
[White "Sapocinic, Semion"]
[Black "Asikainen, Eeli"]
[Result "1-0"]
[ECO "C77"]
[WhiteElo "1781"]
[BlackElo "1447"]
[Annotator "NA RC"]
[PlyCount "109"]
[EventDate "2019.08.02"]
[EventType "swiss"]
[EventCountry "SVK"]
[SourceTitle "playchess.com"]
[Source "ChessBase"]
[SourceQuality "1"]
[TimeControl "40/5400+30:1800+30"]

1. e4 e5 2. Nf3 Nc6 3. Bb5 a6 4. Ba4 Nf6 5. d3 b5 6. Bb3 Bc5 7. O-O d6 8. c3 h6 9. Nbd2 Bb6 10. Re1 O-O 11. Nf1 Ne7 12. a4 Bb7 13. Be3 c5 14. h3 Ng6 15. Ng3 d5 16. Bc2 Re8 17. Qe2 Rc8 18. Nf5 Kh7 19. Rad1 d4 20. Bd2 c4 21. dxc4 bxc4 22. cxd4 exd4 23. N3xd4 Bxe4 24. Be3 Bd5 25. Nf3 Qc7 26. N3h4 Ba5 27. Rf1 Nf4 28. Bxf4 Rxe2 29. Bxc7 Rxc7 30. Nd4+ Rxc2 31. Nxc2 Be4 32. Rc1 Bd2 33. Ne3 Bd3 34. Rfd1 Bxc1 35. Rxc1 Ne4 36. Nf3 Nc5 37. Ne1 Kg6 38. Nxd3 cxd3 39. b4 Ne6 40. Rxc7 Nxc7 41. Kf1 Kf6 42. f4 Ne6 43. g3 Nd4 44. Ke1 Nb3 45. a5 Nd4 46. Kd2 Ke6 47. Kxd3 Nb5 48. Kc4 g6 49. Kc5 Kd7 50. Kb6 Nc7 51. Ng4 h5 52. Ne5+ Kd6 53. Nxf7+ Kd7 54. Ne5+ Kd6 55. Nxg6 1-0

[Event "EYCC Open-U10 2019"]
[Site "Bratislava"]
[Date "2019.08.10"]
[Round "9.12"]
[White "Yonal, Timur"]
[Black "Averin, Nikolay"]
[Result "1/2-1/2"]
[ECO "C14"]
[WhiteElo "1512"]
[BlackElo "1840"]
[Annotator "NA RC"]
[PlyCount "104"]
[EventDate "2019.08.02"]
[EventType "swiss"]
[EventCountry "SVK"]
[SourceTitle "playchess.com"]
[Source "ChessBase"]
[SourceQuality "1"]
[TimeControl "40/5400+30:1800+30"]

1. e4 e6 2. d4 d5 3. Nc3 Nf6 4. Bg5 Be7 5. e5 Nfd7 6. Bxe7 Qxe7 7. f4 a6 8. Qg4 f5 9. exf6 Nxf6 10. Qh4 c5 11. dxc5 Qxc5 12. O-O-O Nc6 13. Bd3 Bd7 14. Nf3 O-O-O 15. Rhe1 h6 16. Ne5 Nxe5 17. Rxe5 Qd6 18. Qg3 g5 19. fxg5 Nh5 20. Qe1 hxg5 21. g3 g4 22. Bg6 Ng7 23. Rg5 Rxh2 24. Nxd5 exd5 25. Qc3+ Bc6 26. Qxg7 Qxg3 27. Bf5+ Kb8 28. Rxg4 Qe3+ 29. Kb1 Rd2 30. Rgg1 Rxd1+ 31. Rxd1 Ka8 32. Rg1 Re8 33. a3 Ka7 34. Bd3 Qe5 35. Qf7 Qe6 36. Qg7 Qe5 37. Qg4 Rf8 38. Qb4 Rc8 39. Re1 Qc7 40. Re7 Qb6 41. Qg4 Rd8 42. Bf5 Qb5 43. Bd3 Qb6 44. Qg5 Rf8 45. Re5 Qc7 46. Re6 Rd8 47. Qh4 Rc8 48. Bf5 Rf8 49. Bd3 Rc8 50. Qg5 Rf8 51. Qe3+ Qb6 52. Qg5 Qd8 1/2-1/2